 Dungeon Crawl Stone Soup version 0.16-a0-1196-ged0958e (webtiles) character file.

474 RobertPalmer the Poker (level 7, -2/41 HPs)
             Began as an Octopode Ice Elementalist on Oct 11, 2014.
             Was an Initiate of Ru.
             Slain by a phantom (8 damage)
             ... on level 5 of the Dungeon.
             The game lasted 00:11:33 (5980 turns).

RobertPalmer the Poker (Octopode Ice Elementalist)  Turns: 5980, Time: 00:11:33

Health: -2/41      AC:  1    Str:  7    XL:     7   Next: 10%
Magic:  12/12      EV: 12    Int: 17    God:    Ru [......]
Gold:   166        SH:  0    Dex: 15    Spells: 2 memorised, 6 levels left

rFire  . . .     SeeInvis .     a - +1 halberd
rCold  . . .     Clarity  .     (no shield)
rNeg   . . .     SustAb   .     (helmet restricted)
rPois  .         Gourm    .     q - amulet of resist corrosion
rElec  .         Spirit   .     (no ring)
rCorr  +         Warding  .     (no ring)
rMut   .         Stasis   .     (no ring)
MR     .....                    (no ring)
Stlth  +++.......               (no ring)
                                (no ring)
                                (no ring)
                                (no ring)

@: not resistant to hostile enchantments, fairly stealthy
A: almost no armour, amphibious, 8 rings, constrict 8, camouflage 1, gelatinous
body 1
a: Renounce Religion


You were on level 5 of the Dungeon.
You worshipped Ru.
Ru was noncommittal.
You were hungry.

You visited 2 branches of the dungeon, and saw 6 of its levels.

You collected 166 gold pieces.


Innate Abilities, Weirdness & Mutations

You cannot wear most types of armour.
You are amphibious.
You can wear up to eight rings at the same time.
You can use your tentacles to constrict many enemies at once.
Your skin changes colour to match your surroundings (Stealth).
Your rubbery body absorbs attacks (AC +1).


   Skills:
 + Level 6.3 Polearms
 - Level 2.0 Dodging
 - Level 2.6 Stealth
 - Level 2.0 Spellcasting
   Level 1.0 Conjurations
 - Level 4.2 Ice Magic


You had 6 spell levels left.
You knew the following spells:

 Your Spells              Type           Power        Failure   Level  Hunger
a - Ozocubu's Armour      Chrm/Ice       #.......     24%         3    ####...
z - Freeze                Ice            ###.         3%          1    #......

Inventory:

Hand weapons
 a - a +1 halberd (weapon)
Comestibles
 c - 3 bread rations
 l - 2 rotting chunks of orc flesh {@*1}
 o - a beef jerky
 s - a royal jelly
Scrolls
 g - a scroll of fear
 n - a scroll of enchant weapon
 p - a scroll of enchant armour {unknown}
 r - a scroll of remove curse
Jewellery
 q - an amulet of resist corrosion (around mantle)
Potions
 d - a potion of restore abilities
 e - a potion of confusion {unknown}
 f - 2 potions of brilliance {unknown}
 h - a potion of cure mutation {unknown}
 i - 3 potions of agility {unknown}
 j - a potion of might {unknown}
 k - a potion of invisibility {unknown}
 u - a potion of poison {unknown}
Books
 b - a book of Frost
 t - a Fen Folio

Dungeon Overview and Level Annotations

Branches:
Dungeon (5/15)             Temple (1/1) D:4

Altars:
Ashenzari
Elyvilon
Gozag
Kikubaaqudgha
Okawaru
Ru
Sif Muna
Trog
Yredelemnul
The Shining One

### ..# #.# #.#
##.## #.#@..####
#...W....# ##
###...##.##########.
##.###............
### #############


You could see a phantom.


Message History

* * * LOW HITPOINT WARNING * * *
The phantom blinks!
You closely miss the phantom. You squeeze the phantom.
The phantom is heavily damaged.
The phantom hits you.
* * * LOW HITPOINT WARNING * * *
The phantom hits you.
* * * LOW HITPOINT WARNING * * *
You barely miss the phantom.
The phantom is heavily damaged.
The phantom hits you.
* * * LOW HITPOINT WARNING * * *
The phantom blinks!
The phantom blinks!
You closely miss the phantom.
The phantom is heavily damaged.
The phantom hits you!
* * * LOW HITPOINT WARNING * * *
You closely miss the phantom.
The phantom is heavily damaged.
The phantom hits you.
* * * LOW HITPOINT WARNING * * *
The phantom blinks!
Drink which item? (? for menu, Esc to quit)
You feel better. The phantom hits you.
* * * LOW HITPOINT WARNING * * *
You closely miss the phantom.
The phantom is heavily damaged.
The phantom hits you!
You die...

Action                   |  1- 3 |  4- 6 |  7- 9 || total
-------------------------+-------+-------+-------++-------
Melee: Unarmed           |    35 |       |       ||    35
       Halberd           |    46 |   204 |    23 ||   273
 Cast: Freeze            |    15 |    11 |       ||    26
       Ozocubu's Armour  |       |     1 |       ||     1
  Use: Scroll            |       |     9 |       ||     9
       Potion            |       |     4 |     1 ||     5
 Stab: Sleeping          |     3 |     8 |       ||    11
  Eat: Chunk             |     2 |    14 |       ||    16

Vault maps used:
D:1:      minmay_arrival_loop
D:2:      lemuel_crystal_altar, elyvilon_altar_5, okawaru_ov_weapons_minmay,
          grunt_ashenzari_visionary
D:3:      serial_forest, infiniplex_forest_clump_diagonal,
          infiniplex_forest_lined_2, infiniplex_forest_end_1,
          infiniplex_forest_lined_3, infiniplex_forest_clump_double,
          infiniplex_forest_straight_3, infiniplex_forest_clump_small,
          first_bread, minmay_crystal_room, kennysheep_generic_room_10,
          uniq_jessica
D:4:      minmay_temple_entry_mist
D:5:      tgw_xom, nicolae_qazlal_eye_of_the_storm, uniq_prince_ribbit1,
          uniq_natasha
Temple:   circular_temple_12

Notes
Turn   | Place    | Note
--------------------------------------------------------------
     0 | D:1      | RobertPalmer, the Octopode Ice Elementalist, began the quest for the Orb.
     0 | D:1      | Reached XP level 1. HP: 11/11 MP: 3/3
   298 | D:1      | Reached XP level 2. HP: 15/17 MP: 2/4
   668 | D:1      | Reached skill level 4 in Ice Magic
   668 | D:1      | Reached XP level 3. HP: 8/21 MP: 1/6
   953 | D:1      | Learned a level 3 spell: Ozocubu's Armour
   960 | D:1      | Reached skill level 1 in Polearms
  1513 | D:2      | Found an iron altar of Okawaru.
  1564 | D:2      | Found a white marble altar of Elyvilon.
  1576 | D:2      | Reached XP level 4. HP: 14/27 MP: 3/7
  1817 | D:2      | Found a deep blue altar of Sif Muna.
  1954 | D:2      | Reached skill level 2 in Polearms
  1980 | D:2      | Found a shattered altar of Ashenzari.
  1985 | D:2      | Saw a vision of the Swamp and the Snake Pit.
  1985 | D:2      | Noticed a naga ritualist
  1985 | D:2      | Noticed a black mamba
  1985 | D:2      | Noticed a naga ritualist
  1985 | D:2      | Noticed a naga
  1985 | D:2      | Noticed an alligator
  1985 | D:2      | Noticed a giant frog
  1985 | D:2      | Noticed a giant frog
  1985 | D:2      | Noticed an alligator
  1985 | D:2      | Noticed an alligator
  1986 | D:2      | Noticed an anaconda
  1988 | D:2      | Noticed a swamp drake
  1988 | D:2      | Noticed an alligator
  1989 | D:2      | Noticed a naga warrior
  1989 | D:2      | Noticed a black mamba
  1989 | D:2      | Noticed a water moccasin
  1989 | D:2      | Noticed an alligator
  1990 | D:2      | Noticed a naga mage
  2772 | D:3      | Reached skill level 3 in Polearms
  2772 | D:3      | Reached XP level 5. HP: 18/31 MP: 9/9
  3545 | D:3      | Noticed Jessica
  3550 | D:3      | Killed Jessica
  3550 | D:3      | Reached skill level 4 in Polearms
  3771 | D:4      | Reached XP level 6. HP: 20/36 MP: 10/10
  3930 | D:4      | Found a staircase to the Ecumenical Temple.
  4043 | D:4      | Noticed an ogre
  4049 | Temple   | Entered the Ecumenical Temple
  4063 | Temple   | Became a worshipper of Ru the Awakened
  4085 | D:4      | HP: 3/36 [adder (4)]
  4327 | D:4      | Reached skill level 5 in Polearms
  5088 | D:4      | Killed an ogre
  5376 | D:4      | Reached skill level 6 in Polearms
  5845 | D:4      | Reached XP level 7. HP: 41/41 MP: 12/12
  5850 | D:5      | Entered Level 5 of the Dungeon
  5978 | D:5      | HP: 2/41 [phantom (5)]
  5980 | D:5      | Slain by a phantom

Vanquished Creatures
  An ogre (D:4)
  A jelly (D:4)
  A worker ant (D:4)
  3 orc wizards
  Jessica (D:3)
  A gnoll (D:1)
  7 adders
  6 worms
  2 giant geckos
  22 orcs
  5 giant cockroaches
  9 goblins
  12 hobgoblins
  4 jackals (D:1)
  16 kobolds
  A ball python (D:4)
  10 bats
  2 giant newts
  A jackal skeleton (D:4)
  10 rats
115 creatures vanquished.
